[Event "ICC tourney 2838 (30 10)"]
[Site "Internet Chess Club"]
[Date "2022.02.27"]
[Round "1"]
[White "GEVORGYAN, DAVIT:Davo29"]
[Black "MOHAN, SHANKARA:BellaVista"]
[Result "1-0"]
[ICCResult "Black resigns"]
[WhiteElo "1653"]
[BlackElo "1269"]
[Opening "Ruy Lopez: exchange variation, 5.O-O"]
[ECO "C68"]
[NIC "RL.08"]
[Time "13:01:43"]
[PlyCount "35"]
[TimeControl "1800+10"]

1. e4 e5 2. Nf3 Nc6 3. Bb5 a6 4. Bxc6 dxc6 5. O-O Bd6 6. d4 exd4 7. Qxd4 f6
8. Nc3 Bg4 9. e5 Bxf3 10. exd6 Bh5 11. Re1+ Kf8 12. Qc5 Qxd6 13. Qxh5 g6 14.
Qf3 Ne7 15. Ne4 Qe6 16. Bh6+ Ke8 17. Nxf6+ Qxf6 18. Qxf6 {Black resigns} 1-0

[Event "ICC tourney 2838 (30 10)"]
[Site "Internet Chess Club"]
[Date "2022.02.27"]
[Round "1"]
[White "AYYAPPAN, SANTHOSH:SanthoshA"]
[Black "HAMLETT, JAMES MORRISON:Hamlett144"]
[Result "1-0"]
[ICCResult "Black checkmated"]
[WhiteElo "1630"]
[BlackElo "1216"]
[Opening "Old Indian defense"]
[ECO "A53"]
[NIC "OI.04"]
[Time "13:01:03"]
[PlyCount "49"]
[TimeControl "1800+10"]

1. d4 Nf6 2. c4 d6 3. Nc3 g6 4. e4 e5 5. dxe5 dxe5 6. Qxd8+ Kxd8 7. Bg5 Be7
8. O-O-O+ Bd7 9. Nf3 Nc6 10. a3 h6 11. Bh4 a5 12. Bg3 Bd6 13. c5 Bxc5 14.
Nxe5 Nxe5 15. Bxe5 Ke7 16. Bxf6+ Kxf6 17. Rxd7 Bd6 18. Bc4 Rhf8 19. Nd5+ Ke6
20. Nb6+ Ke5 21. Nxa8 Rxa8 22. Rxf7 Kxe4 23. Rd1 Rd8 24. Bd5+ Ke5 25. f4#
{Black checkmated}
1-0

[Event "ICC tourney 2838 (30 10)"]
[Site "Internet Chess Club"]
[Date "2022.02.27"]
[Round "1"]
[White "ANGELCHIK, JACOB:t105mm"]
[Black "DALONZO, JONATHAN:JDD01"]
[Result "0-1"]
[ICCResult "White resigns"]
[WhiteElo "1216"]
[BlackElo "1649"]
[Opening "Réti opening"]
[ECO "A04"]
[NIC "QP.10"]
[Time "13:01:02"]
[PlyCount "70"]
[TimeControl "1800+10"]

1. Nf3 c5 2. g3 Nc6 3. Bg2 d5 4. d3 Nf6 5. Bg5 Qb6 6. Qc1 h6 7. Bxf6 exf6 8.
O-O Bd6 9. Qe3+ Be6 10. b3 O-O 11. c4 d4 12. Qd2 Rfe8 13. Re1 Re7 14. e4
Rae8 15. Na3 Bg4 16. Nb5 Bb8 17. a4 a6 18. a5 Qd8 19. Reb1 axb5 20. cxb5 Nb4
21. Rc1 Bd6 22. Nh4 Qd7 23. b6 Qb5 24. f3 Be6 25. Nf5 Bxf5 26. exf5 Re2 27.
Qd1 Re1+ 28. Qxe1 Rxe1+ 29. Rxe1 Nc2 30. f4 Nxe1 31. Bxb7 Bb8 32. Be4 Nc2
33. Ra2 Qxb3 34. a6 Qxa2 35. a7 Bxa7 {White resigns} 0-1

[Event "ICC tourney 2838 (30 10)"]
[Site "Internet Chess Club"]
[Date "2022.02.27"]
[Round "1"]
[White "Garner, Christian:ChristianJRG"]
[Black "FURMAN, MIKHAIL:mfurm"]
[Result "0-1"]
[ICCResult "White resigns"]
[WhiteElo "1424"]
[BlackElo "1668"]
[Opening "Nimzo-Indian: classical, 4...c5"]
[ECO "E38"]
[NIC "NI.22"]
[Time "13:00:59"]
[PlyCount "114"]
[TimeControl "1800+10"]

1. d4 Nf6 2. c4 e6 3. Nc3 Bb4 4. Qc2 c5 5. e3 Nc6 6. a3 Qa5 7. Nf3 Bxc3+ 8.
bxc3 d6 9. Bd3 e5 10. dxe5 dxe5 11. O-O g6 12. h3 O-O 13. e4 Kg7 14. Bg5 Ng8
15. Nd2 Qc7 16. Be3 b6 17. f4 f6 18. f5 g5 19. h4 g4 20. Qd1 h5 21. Be2 Kf7
22. Bxg4 hxg4 23. Qxg4 Ke8 24. Kf2 Qf7 25. Rh1 Nge7 26. h5 Qh7 27. Rag1 Nd8
28. h6 Nf7 29. Qg7 Qxg7 30. hxg7 Rg8 31. Rh7 Nxf5 32. exf5 Bxf5 33. Rh5 Bg6
34. Rh3 Nd6 35. g4 Kf7 36. Bh6 Rad8 37. Ke3 Ne8 38. Ne4 Bxe4 39. Kxe4 Nd6+
40. Kd3 e4+ 41. Ke3 Rge8 42. Rf1 Nxc4+ 43. Ke2 Kg6 44. g8=Q+ Rxg8 45. Bc1
Kf7 46. Rh7+ Rg7 47. Rh6 Rg6 48. Rh7+ Ke6 49. Rxa7 Rd3 50. Rc7 Ne5 51. Bb2
Kd6 52. Rc8 Kd7 53. Rb8 Nc4 54. Ba1 Rd2+ 55. Ke1 Rxg4 56. a4 Ra2 57. Rxf6
Rg1+ {White resigns} 0-1

[Event "ICC tourney 2838 (30 10)"]
[Site "Internet Chess Club"]
[Date "2022.02.27"]
[Round "1"]
[White "AHN, WILLIAM TK:kitook"]
[Black "Renderer, Winslow Scott:BEASTMODE1"]
[Result "0-1"]
[ICCResult "White resigns"]
[WhiteElo "1143"]
[BlackElo "1577"]
[Opening "Caro-Kann: exchange, Rubinstein variation"]
[ECO "B13"]
[NIC "CK.02"]
[Time "13:02:28"]
[PlyCount "148"]
[TimeControl "1800+10"]

1. e4 c6 2. d4 d5 3. exd5 cxd5 4. Bd3 Nc6 5. c3 Nf6 6. Bf4 Bg4 7. Qb3 Qb6 8.
Nd2 e6 9. h3 Bh5 10. Ngf3 Bg6 11. Be2 Qxb3 12. axb3 Ne4 13. Nxe4 Bxe4 14.
O-O Be7 15. b4 O-O 16. b5 Nd8 17. Ne5 f6 18. Nd7 Nf7 19. Nxf8 Kxf8 20. Ra2
Bd8 21. f3 Bg6 22. Re1 Bb6 23. Kh1 Rc8 24. Bf1 Nd8 25. Bd6+ Kg8 26. Raa1 Be8
27. Rac1 Bd7 28. Bd3 Nf7 29. Bh2 Rf8 30. Bg1 e5 31. c4 Be6 32. dxe5 Nxe5 33.
Bf1 Ba5 34. Re2 dxc4 35. Rd1 Bf7 36. f4 Nd3 37. Bh2 Bb6 38. b3 cxb3 39. Rxd3
Bc4 40. Rc3 Bxe2 41. Bxe2 Re8 42. Bc4+ Kf8 43. Bxb3 Re1+ 44. Bg1 Bxg1 45.
Rc8+ Ke7 46. Rc7+ Kd6 47. Rxb7 f5 48. Rf7 Kc5 49. Rxf5+ Kd4 50. Bf7 g6 51.
Rd5+ Kc3 52. Rc5+ Bxc5+ 53. Kh2 Kb4 54. Kg3 Kxb5 55. Kg4 Rg1 56. Kg3 Rf1 57.
Bg8 h6 58. Bf7 g5 59. fxg5 Rxf7 60. gxh6 Rf6 61. h7 Rh6 62. Kg4 Rxh7 63. Kg5
Rg7+ 64. Kf6 Rxg2 65. h4 a5 66. h5 a4 67. h6 a3 68. h7 a2 69. h8=Q Bd4+ 70.
Ke6 Bxh8 71. Kd5 Rd2+ 72. Ke4 a1=Q 73. Ke3 Qe1+ 74. Kf3 Rf2+ {White resigns}
0-1

[Event "ICC tourney 2838 (30 10)"]
[Site "Internet Chess Club"]
[Date "2022.02.27"]
[Round "2"]
[White "JAIN, PARINYA:StockAlpha2020"]
[Black "Garner, Christian:ChristianJRG"]
[Result "1-0"]
[ICCResult "Black resigns"]
[WhiteElo "1478"]
[BlackElo "1424"]
[Opening "French: exchange variation"]
[ECO "C01"]
[NIC "FR.01"]
[Time "15:00:14"]
[PlyCount "75"]
[TimeControl "1800+10"]

1. e4 e6 2. d4 d5 3. exd5 exd5 4. c4 Nf6 5. Nc3 Bb4 6. Bd2 O-O 7. Nf3 c6 8.
cxd5 Nxd5 9. Be2 Bf5 10. O-O Nxc3 11. bxc3 Bd6 12. Qb3 Qc7 13. Rfe1 Nd7 14.
h3 Nf6 15. Bg5 Ne4 16. Bh4 Be6 17. Qc2 Bd5 18. Bd3 f5 19. c4 Bf7 20. Bxe4
fxe4 21. c5 exf3 22. cxd6 Qxd6 23. Be7 Qxd4 24. Bxf8 Rxf8 25. Rad1 Qf4 26.
Qe4 Qg5 27. Qxf3 Bh5 28. Qb3+ Bf7 29. Qe3 Qa5 30. Qd2 Qxa2 31. Qxa2 Bxa2 32.
Ra1 Bd5 33. Rxa7 b6 34. Ree7 Rf7 35. Rxf7 Bxf7 36. Ra8+ Be8 37. Rxe8+ Kf7
38. Rb8 {Black resigns} 1-0

[Event "ICC tourney 2838 (30 10)"]
[Site "Internet Chess Club"]
[Date "2022.02.27"]
[Round "2"]
[White "MOHAN, SHANKARA:BellaVista"]
[Black "AHN, WILLIAM TK:kitook"]
[Result "0-1"]
[ICCResult "White resigns"]
[WhiteElo "1269"]
[BlackElo "1143"]
[Opening "Giuoco Piano"]
[ECO "C54"]
[NIC "IG.02"]
[Time "15:00:55"]
[PlyCount "50"]
[TimeControl "1800+10"]

1. e4 e5 2. Nf3 Nc6 3. Bc4 Bc5 4. c3 Nf6 5. d3 O-O 6. b4 Bd6 7. O-O a6 8. a4
Be7 9. h3 d5 10. exd5 Nxd5 11. Re1 Qd6 12. Bb2 Bf6 13. Nbd2 Bf5 14. Qb3 Nf4
15. Ne4 Qe7 16. Nxf6+ Qxf6 17. Rad1 Rad8 18. d4 e4 19. Nd2 Qg6 20. g3 Bxh3
21. Nxe4 Ng2 22. Bd3 Nxe1 23. Rxe1 Qg4 24. f3 Qxf3 25. Qc2 f5 {White
resigns} 0-1

[Event "ICC tourney 2838 (30 10)"]
[Site "Internet Chess Club"]
[Date "2022.02.27"]
[Round "2"]
[White "DALONZO, JONATHAN:JDD01"]
[Black "GOVINDARAJULA, PRANAY SIDDHARTH:K06-17345554"]
[Result "1-0"]
[ICCResult "Black resigns"]
[WhiteElo "1649"]
[BlackElo "1543"]
[Opening "Sicilian: Najdorf"]
[ECO "B90"]
[NIC "SI.14"]
[Time "15:00:15"]
[PlyCount "107"]
[TimeControl "1800+10"]

1. e4 c5 2. Nf3 d6 3. d4 cxd4 4. Nxd4 Nf6 5. Nc3 a6 6. f3 e5 7. Nb3 Be7 8.
Bc4 Nbd7 9. Be3 Nb6 10. Be2 Be6 11. Qd2 Nc4 12. Bxc4 Bxc4 13. O-O-O Rc8 14.
g4 b5 15. g5 b4 16. gxf6 bxc3 17. Qxc3 Bxf6 18. Qd2 Be7 19. Rhg1 Rg8 20. Rg2
g6 21. Na5 Bb5 22. Nb7 Qc7 23. Nxd6+ Bxd6 24. Qxd6 Qxd6 25. Rxd6 Ke7 26.
Rgd2 f6 27. Bb6 Kf7 28. Ba5 Rge8 29. a4 Bxa4 30. Rxa6 Ra8 31. Rxa8 Rxa8 32.
Rd5 Bc6 33. Rc5 Rc8 34. b4 Bd7 35. Rxc8 Bxc8 36. b5 f5 37. Kd2 Ke6 38. c4
Bb7 39. Ke3 f4+ 40. Kd3 g5 41. c5 Bc8 42. Bc7 h5 43. c6 g4 44. fxg4 hxg4 45.
b6 Ba6+ 46. Kd2 g3 47. hxg3 fxg3 48. Ke1 g2 49. Kf2 Bb5 50. b7 Bxc6 51. b8=Q
Bxe4 52. Bxe5 Kf5 53. Bh2 Bc6 54. Qf4+ {Black resigns} 1-0

[Event "ICC tourney 2838 (30 10)"]
[Site "Internet Chess Club"]
[Date "2022.02.27"]
[Round "2"]
[White "Renderer, Winslow Scott:BEASTMODE1"]
[Black "GEVORGYAN, DAVIT:Davo29"]
[Result "0-1"]
[ICCResult "White forfeits on time"]
[WhiteElo "1577"]
[BlackElo "1653"]
[Opening "QGD: Cambridge Springs defense"]
[ECO "D52"]
[NIC "QO.15"]
[Time "15:00:14"]
[PlyCount "110"]
[TimeControl "1800+10"]

1. d4 d5 2. c4 c6 3. Nc3 Nf6 4. Nf3 e6 5. Bg5 Nbd7 6. e3 Qa5 7. Bd3 Ne4 8.
Qc2 Nxg5 9. Nxg5 dxc4 10. Bxh7 Qxg5 11. Be4 Nf6 12. Bf3 Nd5 13. Ne4 Qe7 14.
a3 Qc7 15. h3 Qa5+ 16. Nd2 c3 17. bxc3 Qxc3 18. Qd1 Be7 19. O-O Bd7 20. Nb3
Qc4 21. Be2 Qa4 22. Qd3 Qa6 23. Qc2 Qb6 24. Nc1 c5 25. Rb1 Qc7 26. Qe4 Bc6
27. Qc2 cxd4 28. e4 Nc3 29. Rb2 Nxe2+ 30. Qxe2 Bxa3 31. Rc2 Bxc1 32. Rfxc1
e5 33. Qg4 O-O 34. h4 Qd7 35. Qg3 Qe6 36. f3 Rac8 37. Rf2 Bb5 38. Rb1 a6 39.
f4 Rc3 40. Qh2 Rfc8 41. f5 Rc1+ 42. Rf1 Rxf1+ 43. Rxf1 Qd6 44. Rd1 f6 45.
Qg3 Rc3 46. Qg6 Qa3 47. Kh2 Qa4 48. Rd2 Be8 49. Qg4 Qc4 50. Rb2 Qf7 51. g3
Qh5 52. Qh3 b5 53. Ra2 Bf7 54. Rg2 Bc4 55. Kh1 Bf1 {White forfeits on time}
0-1

[Event "ICC tourney 2838 (30 10)"]
[Site "Internet Chess Club"]
[Date "2022.02.27"]
[Round "2"]
[White "FURMAN, MIKHAIL:mfurm"]
[Black "AYYAPPAN, SANTHOSH:SanthoshA"]
[Result "0-1"]
[ICCResult "White checkmated"]
[WhiteElo "1668"]
[BlackElo "1630"]
[Opening "English opening"]
[ECO "E06"]
[NIC "QP.11"]
[Time "15:00:37"]
[PlyCount "128"]
[TimeControl "1800+10"]

1. Nf3 Nf6 2. c4 e6 3. g3 Be7 4. d4 O-O 5. Bg2 d5 6. O-O c5 7. cxd5 exd5 8.
Nc3 Be6 9. Bf4 Nc6 10. Rc1 c4 11. Ng5 Qb6 12. Nxe6 fxe6 13. Bh3 Kf7 14. e3
Qxb2 15. Rc2 Qb4 16. Qf3 Qa5 17. Rb1 b6 18. Rb5 Qa6 19. Rb1 Qb7 20. Nb5 Rac8
21. Rcb2 Qd7 22. a4 Nd8 23. Nc3 Kg8 24. Rb5 Nc6 25. Qd1 Na5 26. Be5 Qc6 27.
Qc2 Nb3 28. Ne2 a6 29. R5xb3 cxb3 30. Qxb3 Ne4 31. Nf4 Rxf4 32. exf4 Nd2 33.
Qxb6 Nxb1 34. Bxe6+ Kh8 35. Qxc6 Rxc6 36. Bxd5 Rc1+ 37. Kg2 Nc3 38. Bc6 Bf6
39. d5 Rd1 40. d6 Kg8 41. Kf3 Kf7 42. Ke3 Ke6 43. Bf3 Rxd6 44. Bxd6 Kxd6 45.
Bb7 a5 46. Kd3 Nxa4 47. Kc4 Nc5 48. Bf3 a4 49. Kb4 Bb2 50. Bd1 a3 51. Bb3
Nd3+ 52. Kc4 Nxf2 53. Ba2 Nd1 54. Kd3 Nc3 55. Bb3 a2 56. Bxa2 Nxa2 57. Ke4
Kc5 58. h4 Bf6 59. Kf5 Kd5 60. h5 Bd4 61. g4 Nc3 62. Kg5 Ne4+ 63. Kf5 Ng3+
64. Kg5 Bf6# {White checkmated} 0-1

[Event "ICC tourney 2838 (30 10)"]
[Site "Internet Chess Club"]
[Date "2022.02.27"]
[Round "3"]
[White "GOVINDARAJULA, PRANAY SIDDHARTH:K06-17345554"]
[Black "AHN, WILLIAM TK:kitook"]
[Result "1-0"]
[ICCResult "Black resigns"]
[WhiteElo "1543"]
[BlackElo "1143"]
[Opening "Catalan: closed"]
[ECO "E01"]
[NIC "QP.08"]
[Time "17:01:13"]
[PlyCount "75"]
[TimeControl "1800+10"]

1. d4 d5 2. c4 e6 3. g3 Nf6 4. Bg2 Nc6 5. Nf3 Bb4+ 6. Bd2 O-O 7. Bxb4 Nxb4
8. a3 Nc6 9. e3 Ne4 10. O-O Re8 11. Qc2 e5 12. cxd5 Qxd5 13. Ng5 f5 14. Nxe4
fxe4 15. Bxe4 Qe6 16. d5 Qh3 17. dxc6 b6 18. Bg2 Qe6 19. Rd1 Kh8 20. Nc3 Ba6
21. Nd5 Qf7 22. b4 Bc8 23. b5 Be6 24. Qc3 Rad8 25. e4 Rd6 26. a4 Rf8 27. Rd2
Re8 28. Rad1 g6 29. Qxe5+ Kg8 30. Nf6+ Kf8 31. Nxe8 Kxe8 32. Rxd6 cxd6 33.
Qxd6 Qe7 34. Qxe7+ Kxe7 35. c7 Bd7 36. e5 Ke6 37. Bh3+ Ke7 38. Rxd7+
{Black resigns}
1-0

[Event "ICC tourney 2838 (30 10)"]
[Site "Internet Chess Club"]
[Date "2022.02.27"]
[Round "3"]
[White "ANGELCHIK, JACOB:t105mm"]
[Black "FURMAN, MIKHAIL:mfurm"]
[Result "0-1"]
[ICCResult "White resigns"]
[WhiteElo "1216"]
[BlackElo "1668"]
[Opening "Trompowsky attack (Ruth, Opocenský opening)"]
[ECO "A45"]
[NIC "QP.07"]
[Time "17:00:55"]
[PlyCount "62"]
[TimeControl "1800+10"]

1. d4 Nf6 2. Bg5 g6 3. Bxf6 exf6 4. e4 d6 5. Nc3 Bg7 6. Bc4 c6 7. h4 b5 8.
Bb3 a5 9. a3 Bb7 10. h5 b4 11. axb4 axb4 12. Rxa8 Bxa8 13. Nb1 Qe7 14. Qf3
f5 15. hxg6 hxg6 16. Rxh8+ Bxh8 17. Ne2 Qxe4 18. Qxe4+ fxe4 19. Nd2 d5 20.
c4 bxc3 21. bxc3 Na6 22. Ba4 Ke7 23. Nb3 Kd6 24. Nf4 c5 25. Bb5 c4 26. Bxa6
cxb3 27. Kd2 Bc6 28. Nh3 Ba4 29. Ng5 b2 30. Nxf7+ Ke7 31. Nxh8 b1=Q
{White resigns}
0-1

[Event "ICC tourney 2838 (30 10)"]
[Site "Internet Chess Club"]
[Date "2022.02.27"]
[Round "3"]
[White "Garner, Christian:ChristianJRG"]
[Black "MOHAN, SHANKARA:BellaVista"]
[Result "0-1"]
[ICCResult "White checkmated"]
[WhiteElo "1424"]
[BlackElo "1269"]
[Opening "English: Sicilian reversed"]
[ECO "A25"]
[NIC "EO.20"]
[Time "17:00:33"]
[PlyCount "66"]
[TimeControl "1800+10"]

1. c4 e5 2. Nc3 Nc6 3. g3 Bc5 4. Bg2 d6 5. e3 Nf6 6. Nge2 O-O 7. O-O Re8 8.
a3 a5 9. h3 Bf5 10. d4 exd4 11. exd4 Bb6 12. Bg5 h6 13. Be3 Qd7 14. Kh2 Bg6
15. Qd2 Rad8 16. Rac1 Ne7 17. f4 c6 18. g4 Bc7 19. Kh1 d5 20. f5 Bh7 21. c5
Qc8 22. b4 axb4 23. axb4 Kh8 24. b5 Qd7 25. Ra1 Ra8 26. Rfb1 Ba5 27. Qb2
Bxc3 28. Nxc3 Rxa1 29. Rxa1 Nxf5 30. gxf5 Rxe3 31. Ra8+ Ng8 32. f6 Re1+ 33.
Kh2 Qc7# {White checkmated} 0-1

[Event "ICC tourney 2838 (30 10)"]
[Site "Internet Chess Club"]
[Date "2022.02.27"]
[Round "3"]
[White "AYYAPPAN, SANTHOSH:SanthoshA"]
[Black "DALONZO, JONATHAN:JDD01"]
[Result "1-0"]
[ICCResult "Black checkmated"]
[WhiteElo "1630"]
[BlackElo "1649"]
[Opening "King's Indian: Four pawns attack"]
[ECO "E76"]
[NIC "KI.31"]
[Time "17:00:35"]
[PlyCount "77"]
[TimeControl "1800+10"]

1. d4 Nf6 2. c4 g6 3. Nc3 Bg7 4. e4 d6 5. f4 O-O 6. Nf3 Nc6 7. Be2 e5 8. d5
Ne7 9. O-O exf4 10. Bxf4 Nh5 11. Bd2 f5 12. exf5 Bxf5 13. Re1 Bg4 14. Ng5
Bxe2 15. Qxe2 Nf5 16. Qe6+ Kh8 17. g4 Nd4 18. Nf7+ Rxf7 19. Qxf7 Nf6 20. Re7
Qf8 21. Kg2 Qxf7 22. Rxf7 Nxg4 23. Rxc7 b6 24. Bf4 Be5 25. Bxe5+ Nxe5 26.
Ne4 Nf5 27. Ng5 h6 28. Nf7+ Nxf7 29. Rxf7 Re8 30. Kf2 a5 31. Rb7 Nd4 32.
Rxb6 Re2+ 33. Kg3 Re3+ 34. Kf4 Re2 35. Rxd6 g5+ 36. Kg4 Re4+ 37. Kh5 Rh4+
38. Kg6 Rxh2 39. Rd8# {Black checkmated} 1-0

[Event "ICC tourney 2838 (30 10)"]
[Site "Internet Chess Club"]
[Date "2022.02.27"]
[Round "3"]
[White "GEVORGYAN, DAVIT:Davo29"]
[Black "JAIN, PARINYA:StockAlpha2020"]
[Result "0-1"]
[ICCResult "White resigns"]
[WhiteElo "1653"]
[BlackElo "1478"]
[Opening "Ruy Lopez: exchange variation, 5.O-O"]
[ECO "C68"]
[NIC "RL.08"]
[Time "17:01:15"]
[PlyCount "148"]
[TimeControl "1800+10"]

1. e4 e5 2. Nf3 Nc6 3. Bb5 a6 4. Bxc6 dxc6 5. O-O Bd6 6. d4 exd4 7. Qxd4 Be7
8. Qxg7 Bf6 9. Qg3 Ne7 10. e5 Rg8 11. exf6 Rxg3 12. fxe7 Rxg2+ 13. Kxg2 Qxe7
14. Re1 Be6 15. Bg5 f6 16. Nc3 O-O-O 17. Bf4 Qg7+ 18. Bg3 Bg4 19. Re3 h5 20.
Rae1 Bxf3+ 21. Kxf3 Qg4+ 22. Kg2 h4 23. Re4 h3+ 24. Kf1 Qf3 25. R1e3 Qh1+
26. Ke2 Qc1 27. Re7 Rd2+ 28. Kf3 Qh1+ 29. Kg4 Rd4+ 30. f4 Qg2 31. Re2 Qf1
32. b3 Qc1 33. Kxh3 f5 34. Kg2 Rd6 35. Re8+ Rd8 36. Rxd8+ Kxd8 37. h4 Qb2
38. Be1 Qa3 39. h5 Qf8 40. Bh4+ Kd7 41. Bg5 c5 42. h6 Qg8 43. Re7+ Kd6 44.
Rg7 Qe8 45. Be7+ Ke6 46. h7 Qh8 47. Rg6+ Kxe7 48. Nd5+ Kf7 49. Rf6+ Kg7 50.
Rxf5 Qxh7 51. Rg5+ Kf7 52. Ne3 Qe4+ 53. Kh3 Qxe3+ 54. Kg4 Qe2+ 55. Kf5 Qxc2+
56. Ke5 Qxa2 57. Rf5+ Ke7 58. Rg5 Qb2+ 59. Kd5 Qxb3+ 60. Kxc5 Qb5+ 61. Kd4
Qb4+ 62. Ke5 Qd6+ 63. Ke4 c5 64. Rg7+ Kf8 65. Rg5 b5 66. f5 Qe7+ 67. Kf4 b4
68. Rg6 c4 69. Rxa6 c3 70. f6 Qc7+ 71. Kg5 Kf7 72. Ra1 c2 73. Rc1 b3 74. Rh1
c1=Q+ {White resigns} 0-1

[Event "ICC tourney 2838 (30 10)"]
[Site "Internet Chess Club"]
[Date "2022.02.27"]
[Round "4"]
[White "HAMLETT, JAMES MORRISON:Hamlett144"]
[Black "Garner, Christian:ChristianJRG"]
[Result "1-0"]
[ICCResult "Black resigns"]
[WhiteElo "1216"]
[BlackElo "1424"]
[Opening "French: exchange variation"]
[ECO "C01"]
[NIC "FR.01"]
[Time "19:00:40"]
[PlyCount "65"]
[TimeControl "1800+10"]

1. e4 e6 2. d4 d5 3. exd5 exd5 4. Bd3 Nf6 5. Nf3 c5 6. O-O Be7 7. c3 O-O 8.
h3 h6 9. Nbd2 b6 10. Re1 Ba6 11. Bc2 Bd6 12. Nf1 Nbd7 13. Ne3 Qc7 14. Nf5
Bf4 15. Bxf4 Qxf4 16. g3 Qc7 17. Ne7+ Kh8 18. dxc5 Nxc5 19. Nxd5 Nxd5 20.
Qxd5 Bb7 21. Qf5 g6 22. Qe5+ Qxe5 23. Nxe5 Kg7 24. f4 Rad8 25. Rad1 Ne6 26.
Bb3 Rxd1 27. Rxd1 Nc5 28. Bc2 Ne4 29. Rd7 Nc5 30. Rc7 Bd5 31. Rxa7 Be6 32.
g4 Kf6 33. b4 {Black resigns} 1-0

[Event "ICC tourney 2838 (30 10)"]
[Site "Internet Chess Club"]
[Date "2022.02.27"]
[Round "4"]
[White "JAIN, PARINYA:StockAlpha2020"]
[Black "AYYAPPAN, SANTHOSH:SanthoshA"]
[Result "0-1"]
[ICCResult "White checkmated"]
[WhiteElo "1478"]
[BlackElo "1630"]
[Opening "Giuoco Piano: Anderssen variation"]
[ECO "C54"]
[NIC "IG.02"]
[Time "19:00:15"]
[PlyCount "86"]
[TimeControl "1800+10"]

1. e4 e5 2. Nf3 Nc6 3. Bc4 Bc5 4. c3 Nf6 5. d4 exd4 6. e5 d5 7. Bb5 Ne4 8.
cxd4 Bb4+ 9. Bd2 Nxd2 10. Nbxd2 Bd7 11. Bxc6 Bxc6 12. O-O O-O 13. a3 Bxd2
14. Qxd2 Qe7 15. Rac1 Be8 16. Rfe1 c6 17. Qf4 Bd7 18. Rc3 Rac8 19. Nd2 b6
20. Rg3 Kh8 21. Nf3 c5 22. b3 a5 23. a4 c4 24. bxc4 Rxc4 25. Nh4 Rxa4 26.
Nf5 Bxf5 27. Qxf5 Qe6 28. Qg5 Rg8 29. Qh4 b5 30. Rh3 h6 31. Qf4 Rc4 32. Kh1
b4 33. g4 a4 34. Rh5 Qg6 35. f3 b3 36. Rf5 b2 37. h4 a3 38. h5 Qb6 39. Rf6
b1=Q 40. Rxb1 Qxb1+ 41. Kg2 Rc2+ 42. Kh3 Qh1+ 43. Kg3 Qh2# {White
checkmated} 0-1

[Event "ICC tourney 2838 (30 10)"]
[Site "Internet Chess Club"]
[Date "2022.02.27"]
[Round "4"]
[White "DALONZO, JONATHAN:JDD01"]
[Black "GEVORGYAN, DAVIT:Davo29"]
[Result "0-1"]
[ICCResult "White resigns"]
[WhiteElo "1649"]
[BlackElo "1653"]
[Opening "Caro-Kann: advance variation"]
[ECO "B12"]
[NIC "CK.04"]
[Time "19:01:53"]
[PlyCount "58"]
[TimeControl "1800+10"]

1. e4 c6 2. d4 d5 3. e5 Bf5 4. Nf3 e6 5. Be2 c5 6. c3 Nc6 7. O-O Nge7 8. a3
Bg6 9. b4 cxd4 10. cxd4 Nf5 11. Nc3 Rc8 12. Bg5 Be7 13. Bxe7 Ncxe7 14. Qa4+
Qd7 15. Bb5 Nc6 16. Rfc1 a6 17. Bxc6 Rxc6 18. b5 Rc4 19. Qa5 O-O 20. bxa6
bxa6 21. Qxa6 Nxd4 22. Nxd4 Rxd4 23. Nb5 Bd3 24. Qb6 Re4 25. Nd6 Rxe5 26.
Rc7 Qa4 27. h3 Qf4 28. Rac1 Bc4 29. Nxc4 Qxc1+ {White resigns} 0-1

[Event "ICC tourney 2838 (30 10)"]
[Site "Internet Chess Club"]
[Date "2022.02.27"]
[Round "4"]
[White "FURMAN, MIKHAIL:mfurm"]
[Black "GOVINDARAJULA, PRANAY SIDDHARTH:K06-17345554"]
[Result "0-1"]
[ICCResult "White resigns"]
[WhiteElo "1668"]
[BlackElo "1543"]
[Opening "English opening"]
[ECO "A05"]
[NIC "QP.11"]
[Time "19:00:12"]
[PlyCount "96"]
[TimeControl "1800+10"]

1. Nf3 Nf6 2. c4 g6 3. g3 c5 4. d4 d5 5. cxd5 Nxd5 6. e4 Nf6 7. Nc3 cxd4 8.
Nxd4 Bg7 9. Nde2 Qxd1+ 10. Kxd1 a6 11. Bg2 O-O 12. h3 Nc6 13. f4 e5 14. a3
Nh5 15. Nd5 Be6 16. Ne3 Nxg3 17. Nxg3 exf4 18. Ngf5 fxe3 19. Nxg7 Bb3+ 20.
Ke2 Nd4+ 21. Kf1 e2+ 22. Kf2 Kxg7 23. Bd2 f6 24. Bc3 Nb5 25. Bb4 Rfe8 26.
Kxe2 Rac8 27. Rac1 Bc4+ 28. Kf2 Bd3 29. a4 Nd4 30. Bc3 Ne2 31. e5 fxe5 32.
Rcd1 Nxc3 33. Rxd3 Nxa4 34. Rd7+ Kh6 35. Bxb7 Rc2+ 36. Ke3 Rxb2 37. Bc6 Nb6
38. Ra7 Rc8 39. Bb7 Rc3+ 40. Ke4 Rb4+ 41. Kxe5 Re3+ 42. Kd6 Rf4 43. Bxa6
Rf6+ 44. Kc5 Re5+ 45. Kd4 Ra5 46. Rb1 Rd6+ 47. Kc3 Na4+ 48. Kb4 Rdxa6
{White resigns}
0-1

[Event "ICC tourney 2838 (30 10)"]
[Site "Internet Chess Club"]
[Date "2022.02.27"]
[Round "4"]
[White "Renderer, Winslow Scott:BEASTMODE1"]
[Black "MOHAN, SHANKARA:BellaVista"]
[Result "0-1"]
[ICCResult "White checkmated"]
[WhiteElo "1577"]
[BlackElo "1269"]
[Opening "Bishop's opening: Berlin defense"]
[ECO "C24"]
[NIC "IG.04"]
[Time "19:00:28"]
[PlyCount "158"]
[TimeControl "1800+10"]

1. e4 e5 2. Bc4 Nf6 3. d3 d6 4. Nc3 Nc6 5. Be3 Be7 6. h4 Ng4 7. Nf3 Nxe3 8.
fxe3 O-O 9. Qe2 a6 10. a4 Be6 11. Nd5 h6 12. a5 Na7 13. Kd2 Bxd5 14. exd5 c6
15. g4 cxd5 16. Bxd5 Nc6 17. g5 g6 18. gxh6 Nxa5 19. h7+ Kxh7 20. h5 g5 21.
Rag1 f6 22. Nh2 Nc6 23. Ra1 a5 24. h6 a4 25. c3 Na5 26. Qf3 Qd7 27. Ke2 Nc6
28. Nf1 f5 29. Qh5 Qe8 30. Qxe8 Rfxe8 31. Ng3 Rf8 32. Rhf1 f4 33. Be4+ Kh8
34. Nh5 fxe3 35. Kxe3 g4 36. Rxf8+ Rxf8 37. Rxa4 Bg5+ 38. Ke2 Bxh6 39. Ng3
Bf4 40. Nf5 d5 41. Bxd5 Rxf5 42. Ra8+ Kg7 43. Rg8+ Kh6 44. Rxg4 Bg5 45. Rc4
Rf6 46. Re4 Bf4 47. b4 Rd6 48. Bc4 Kg5 49. Kd1 Ne7 50. Kc2 Nd5 51. Kb3 Ne3
52. Bb5 Kf5 53. Ka4 Nd5 54. Kb3 Ne3 55. Ka4 Kg4 56. Ka5 Kf3 57. Ka4 Nd5 58.
c4 Nc3+ 59. Kb3 Nxe4 60. dxe4 Kxe4 61. Ka4 b6 62. c5 bxc5 63. bxc5 Rd8 64.
Ka5 Kd5 65. c6 Rc8 66. Kb6 Rb8+ 67. Kc7 e4+ 68. Kd7 Rxb5 69. c7 Rc5 70. c8=Q
Rxc8 71. Kxc8 e3 72. Kd7 e2 73. Ke8 e1=Q+ 74. Kd7 Qe6+ 75. Kd8 Bg5+ 76. Kc7
Qd6+ 77. Kc8 Bd8 78. Kb7 Qb6+ 79. Kc8 Qc7# {White checkmated} 0-1

[Event "ICC tourney 2838 (30 10)"]
[Site "Internet Chess Club"]
[Date "2022.02.27"]
[Round "5"]
[White "MOHAN, SHANKARA:BellaVista"]
[Black "FURMAN, MIKHAIL:mfurm"]
[Result "1-0"]
[ICCResult "Black resigns"]
[WhiteElo "1269"]
[BlackElo "1668"]
[Opening "Sicilian: closed, 2...Nc6"]
[ECO "B23"]
[NIC "SI.44"]
[Time "21:00:51"]
[PlyCount "75"]
[TimeControl "1800+10"]

1. e4 c5 2. Nc3 Nc6 3. Bc4 g6 4. Nf3 Bg7 5. d3 e6 6. O-O Nd4 7. Nxd4 cxd4 8.
Ne2 Ne7 9. Re1 O-O 10. Ng3 Nc6 11. Bf4 d6 12. Qd2 Na5 13. Bb3 Nxb3 14. axb3
e5 15. Bh6 Qh4 16. Bxg7 Kxg7 17. Ra2 Be6 18. Rea1 a6 19. Qb4 Qe7 20. c3 dxc3
21. bxc3 f5 22. f3 Qc7 23. c4 f4 24. Ne2 Rac8 25. Nc3 Qb8 26. Rc2 Qa7+ 27.
Kh1 Rfd8 28. Rac1 Rd7 29. Na4 a5 30. Qb6 Qa8 31. Qb5 Qa7 32. Qb6 Qa8 33. Qf2
b5 34. Nb6 Qb7 35. Nxc8 Qxc8 36. cxb5 Qb8 37. b6 Bxb3 38. Rc8 {Black
resigns} 1-0